 Dungeon Crawl Stone Soup version 0.19.4-8-ga85b6b9 (webtiles) character file.

13540 zeke the Severer (level 11, -1/97 HPs)
             Began as a Minotaur Fighter on Feb 5, 2017.
             Was a High Priest of Okawaru.
             Slain by an ice dragon (5 damage)
             ... on level 11 of the Dungeon on Feb 7, 2017.
             The game lasted 00:32:40 (9764 turns).

zeke the Severer (Minotaur Fighter)                 Turns: 9764, Time: 00:32:41

Health: -1/97      AC: 15    Str: 24    XL:     11   Next: 76%
Magic:  5/11       EV: 10    Int:  5    God:    Okawaru [*****.]
Gold:   699        SH: 12    Dex: 12    Spells: 1 memorised, 9 levels left

rFire  + . .     SeeInvis .     a - +0 war axe
rCold  . . .     Gourm    .     b - +0 scale mail
rNeg   . . .     Faith    .     c - +0 shield
rPois  .         Spirit   .     (helmet unavailable)
rElec  .         Reflect  .     q - +0 cloak
rCorr  .         Harm     .     w - +1 pair of gloves
MR     .....                    (no boots)
Stlth  ++........               (no amulet)
                                y - ring of stealth
                                t - +2 ring of protection

@: no status effects
A: retaliatory headbutt, horns 3, thin metallic scales 1, fire resistance 1,
strong 1
a: Heroism, Finesse, Renounce Religion


You were on level 11 of the Dungeon.
You worshipped Okawaru.
Okawaru was extremely pleased with you.
You were hungry.

You visited 2 branches of the dungeon, and saw 12 of its levels.

You collected 699 gold pieces.

Inventory:

Hand Weapons
 a - a +0 war axe (weapon)
 A - a +0 hand axe of flaming
Armour
 b - a +0 scale mail (worn)
 c - a +0 shield (worn)
 o - a +1 hat of see invisible
 q - a +0 cloak (worn)
 w - a +1 pair of gloves (worn)
Jewellery
 g - an uncursed ring of ice
 t - a +2 ring of protection (left hand)
 y - a ring of stealth (right hand)
Wands
 i - a wand of enslavement (9/24)
 k - a wand of lightning (15/15)
 s - a wand of paralysis (17/24)
 F - a wand of random effects (17/48)
Scrolls
 h - 4 scrolls of immolation
 m - 6 scrolls of identify
 p - 2 scrolls of enchant armour
 r - 2 scrolls of magic mapping
 v - 7 scrolls of remove curse
 D - 3 scrolls of teleportation
Potions
 d - a potion of beneficial mutation {unknown}
 e - 6 potions of brilliance
 u - 2 potions of ambrosia
 x - 2 potions of cure mutation
 B - a potion of heal wounds
Comestibles
 f - 5 bread rations
 j - 2 meat rations
 l - 9 slices of pizza
 n - 4 beef jerkies
 C - a fruit


   Skills:
 + Level 9.1 Fighting
 + Level 16.5 Axes
 + Level 8.1 Armour
 + Level 3.4 Dodging
 + Level 2.4 Stealth
 + Level 8.7 Shields
 + Level 1.4 Invocations


You had 9 spell levels left.
You knew the following spells:

 Your Spells              Type           Power        Failure   Level  Hunger
a - Apportation           Tloc           #.........   99%         1    ##.....


Dungeon Overview and Level Annotations

Branches:
Dungeon (11/15)            Temple (1/1) D:4            Lair (0/6) D:11
    Orc (0/2) D:11

Altars:
Ashenzari
Cheibriados
Dithmenos
Elyvilon
Fedhas
Hepliaklqana
Kikubaaqudgha
Makhleb
Nemelex Xobeh
Okawaru
Qazlal
Ru
Trog
Uskayaw
Vehumet
Xom
Yredelemnul
Zin
The Shining One

Annotations:
D:9 Erica
D:11 1 runed door


Innate Abilities, Weirdness & Mutations

You reflexively headbutt those who attack you in melee.
You have a pair of large horns on your head.
You are partially covered in thin metallic scales. (AC +2)
Your flesh is heat resistant. (rF+)
Your muscles are strong. (Str +2)


Message History

The ice dragon is lightly wounded.
You block the ice dragon's attack.
The ice dragon claws you but does no damage.
The ice dragon barely misses you.
You hit the ice dragon but do no damage.
You headbutt the ice dragon!
The ice dragon is moderately wounded.
The ice dragon bites you but does no damage.
The ice dragon barely misses you. You block the ice dragon's attack.
You slash the ice dragon! You headbutt the ice dragon!
The ice dragon is heavily wounded.
You hit the ice dragon. You headbutt the ice dragon.
The ice dragon is severely wounded.
The ice dragon breathes frost at you. The blast of cold hits you!
* * * LOW HITPOINT WARNING * * *
You hit the ice dragon but do no damage.
The ice dragon is severely wounded.
The ice dragon bites you.
You die...

.....# #.§..#.#.####...
.....# ≈#..⌠.#........#
.....# ≈#./$.#.#.######
.....# #######.#[#
...... ........#.#
###... ########†#
###### #.# [[..# #D#
###.# #@# ####+####
###.### #.# #........
......# #.# #........
......##### #.#
#.(...... ..........###
#.# #........
<.....###...####.#
#........ ......#
###.[..#.## #..(.....
......#
####....#######.....)..
......#
###........'....))..


You could see an ice dragon.

Vanquished Creatures
  Gastronok (D:8)
  Josephine (D:11)
  A fire dragon (D:11)
  An ice dragon (D:11)
  The ghost of beckyway the Skirmisher, a novice MiFi of Okawaru (D:5)
  3 hill giants
  The ghost of VoxxSkies the Basher, a novice FoFi (D:4)
  Joseph (D:8)
  Maurice (D:8)
  A kobold demonologist (D:11)
  A hippogriff (D:8)
  Prince Ribbit (D:7)
  A vampire (D:9)
  4 hogs (D:9)
  4 wraiths (D:11)
  A human (D:9)
  A hungry ghost (D:10)
  An ice beast (D:10)
  A black bear (D:9)
  3 orc warriors
  2 sky beasts
  A phantom (D:4)
  4 ogres
  A necrophage (D:7)
  A centaur (D:5)
  6 bullfrogs
  A wyvern skeleton (D:6)
  8 scorpions
  10 killer bees
  5 wights (D:11)
  2 crimson imps
  A centaur zombie (D:5)
  3 hounds
  A bullfrog skeleton (D:11)
  13 orc priests
  Crazy Yiuf (D:7)
  A jelly (D:11)
  A centaur skeleton (D:9)
  Jessica (D:2)
  5 iguanas
  11 worker ants
  11 orc wizards
  5 hound skeletons
  A worker ant zombie (D:8)
  3 gnolls (D:3)
  13 adders
  2 shadow imps
  4 oozes
  2 adder zombies (D:6)
  2 adder skeletons
  2 worms
  2 dart slugs
  7 leopard geckos
  25 orcs
  3 giant cockroaches
  8 goblins
  8 hobgoblins
  20 jackals
  4 quokkas
  A ball python (D:3)
  18 bats
  4 frilled lizards
  16 kobolds
  A leopard gecko zombie (D:5)
  A quokka skeleton (D:6)
  9 rats
  2 fungi
283 creatures vanquished.

Vanquished Creatures (others)
  A wyvern (D:8)
  8 fungi (D:5)
9 creatures vanquished.

Grand Total: 292 creatures vanquished

Notes
Turn   | Place    | Note
-------+----------+-------------------------------------------
     0 | D:1      | zeke the Minotaur Fighter began the quest for the Orb.
     0 | D:1      | Reached XP level 1. HP: 19/19 MP: 0/0
    52 | D:1      | Reached XP level 2. HP: 24/27 MP: 1/1
   304 | D:1      | Reached skill level 3 in Axes
   308 | D:1      | Found a glowing golden altar of the Shining One.
   459 | D:2      | Reached XP level 3. HP: 16/33 MP: 2/2
   821 | D:2      | Noticed Jessica
   834 | D:2      | Killed Jessica
   834 | D:2      | Reached XP level 4. HP: 39/40 MP: 3/3
  1134 | D:3      | Reached skill level 4 in Axes
  1138 | D:3      | Reached XP level 5. HP: 33/47 MP: 4/4
  2137 | D:3      | Reached skill level 5 in Axes
  2274 | D:4      | Found a staircase to the Ecumenical Temple.
  2279 | D:4      | Reached skill level 5 in Shields
  2298 | Temple   | Entered the Ecumenical Temple
  2330 | Temple   | Became a worshipper of Warmaster Okawaru
  2505 | D:4      | Noticed a phantom
  2537 | D:4      | Killed a phantom
  2537 | D:4      | Reached skill level 5 in Fighting
  2537 | D:4      | Reached XP level 6. HP: 38/56 MP: 5/5
  2986 | D:4      | Reached skill level 5 in Armour
  3188 | D:4      | Reached skill level 6 in Axes
  3200 | D:4      | Learned a level 1 spell: Apportation
  3253 | D:4      | Noticed VoxxSkies's ghost (novice FoFi)
  3272 | D:4      | Killed VoxxSkies's ghost
  3272 | D:4      | Reached * piety under Okawaru
  3272 | D:4      | Reached skill level 7 in Axes
  3272 | D:4      | Reached XP level 7. HP: 35/63 MP: 6/6
  3628 | D:4      | Reached skill level 8 in Axes
  3628 | D:4      | Reached XP level 8. HP: 54/70 MP: 7/7
  3774 | D:5      | Entered Level 5 of the Dungeon
  3944 | D:5      | Noticed beckyway's ghost (novice MiFi)
  3954 | D:5      | Killed beckyway's ghost
  3954 | D:5      | Reached ** piety under Okawaru
  3954 | D:5      | Reached skill level 10 in Axes
  4062 | D:5      | Reached skill level 11 in Axes
  4565 | D:6      | Reached XP level 9. HP: 44/75 MP: 8/8
  4660 | D:6      | Reached skill level 12 in Axes
  4959 | D:6      | Found a glowing golden altar of the Shining One.
  4983 | D:6      | Reached *** piety under Okawaru
  4995 | D:6      | Found a basalt altar of Yredelemnul.
  5771 | D:7      | Noticed Prince Ribbit
  5783 | D:7      | Killed Prince Ribbit
  5843 | D:7      | You fall through a shaft for 2 floors!
  5910 | D:9      | Reached skill level 13 in Axes
  5995 | D:9      | Reached **** piety under Okawaru
  6005 | D:9      | Noticed Erica
  6144 | D:7      | Reached skill level 14 in Axes
  6149 | D:7      | Gained mutation: You tend to lose your temper in combat. [mutagenic meat]
  6150 | D:7      | Gained mutation: Your mind is acute. (Int +2) [mutagenic meat]
  6151 | D:7      | Gained mutation: Your muscles are strong. (Str +2) [mutagenic meat]
  6184 | D:7      | Found a runed door.
  6279 | D:7      | Noticed Crazy Yiuf
  6285 | D:7      | Killed Crazy Yiuf
  6542 | D:7      | Found a burning altar of Makhleb.
  6678 | D:8      | Reached XP level 10. HP: 53/83 MP: 9/9
  6803 | D:8      | Noticed Gastronok
  6818 | D:8      | Lost mutation: You tend to lose your temper in combat. [potion of cure mutation]
  6818 | D:8      | Lost mutation: Your mind is acute. (Int +2) [potion of cure mutation]
  6818 | D:8      | Lost mutation: Your muscles are strong. (Str +2) [potion of cure mutation]
  6823 | D:8      | HP: 4/83 [Gastronok (29)]
  7056 | D:8      | Killed Gastronok
  7056 | D:8      | Reached ***** piety under Okawaru
  7056 | D:8      | Received a gift from Okawaru
  7056 | D:8      | Reached skill level 15 in Axes
  7056 | D:8      | Reached skill level 1 in Dodging
  7165 | D:8      | Noticed Joseph
  7168 | D:8      | Noticed Maurice
  7194 | D:8      | Killed Maurice
  7194 | D:8      | Reached skill level 1 in Stealth
  7196 | D:8      | Killed Joseph
  7483 | D:8      | Found a radiant altar of Vehumet.
  7698 | D:8      | Found a hazy altar of Hepliaklqana.
  8332 | D:9      | Received a gift from Okawaru
  8352 | D:9      | Reached skill level 16 in Axes
  8352 | D:9      | Reached XP level 11. HP: 63/92 MP: 8/10
  8536 | D:10     | Entered Level 10 of the Dungeon
  8558 | D:10     | Noticed a hill giant
  8567 | D:10     | Killed a hill giant
  8702 | D:10     | Noticed a hill giant
  8715 | D:10     | Killed a hill giant
  9105 | D:11     | Found a staircase to the Lair.
  9144 | D:11     | Noticed a hill giant
  9170 | D:11     | Killed a hill giant
  9212 | D:11     | Found a shimmering altar of Xom.
  9265 | D:11     | Gained mutation: You have a pair of large horns on your head. [mutagenic meat]
  9266 | D:11     | Gained mutation: Your flesh is heat resistant. (rF+) [mutagenic meat]
  9267 | D:11     | Gained mutation: You are partially covered in thin metallic scales. (AC +2) [mutagenic meat]
  9268 | D:11     | Gained mutation: Your muscles are strong. (Str +2) [mutagenic meat]
  9270 | D:11     | Upgraded the game from 0.19.4 to 0.19.4-8-ga85b6b9
  9270 | D:11     | Noticed Josephine
  9294 | D:11     | Killed Josephine
  9308 | D:11     | Reached skill level 1 in Invocations
  9493 | D:11     | Found a runed door.
  9599 | D:11     | Found a staircase to the Orcish Mines.
  9709 | D:11     | Found a runed door.
  9711 | D:11     | Noticed an ice dragon
  9713 | D:11     | Noticed a fire dragon
  9713 | D:11     | Noticed a fire dragon
  9714 | D:11     | Noticed an ice dragon
  9731 | D:11     | Killed an ice dragon
  9746 | D:11     | Killed a fire dragon
  9763 | D:11     | HP: 4/97 [ice dragon/blast of cold (28)]
  9764 | D:11     | Slain by an ice dragon

Skill      XL: |  1  2  3  4  5  6  7  8  9 10 11 |
---------------+----------------------------------+-----
Axes           | 3 4 5 7 8 11 14 16 | 16.5
Shields        | 4 5 6 7 8 |  8.7
Fighting       | 4 5 6 7 9 |  9.1
Armour         | 4 5 6 8 |  8.1
Dodging        | 1 3 |  3.4
Stealth        | 2 |  2.4
Invocations    | 1 |  1.4

Action                   |  1- 3 |  4- 6 |  7- 9 | 10-12 || total
-------------------------+-------+-------+-------+-------++-------
Melee: War axe           |    88 |   152 |   298 |   414 ||   952
       Headbutt          |     4 |    31 |    62 |   114 ||   211
Invok: Heroism           |       |       |       |     5 ||     5
       Finesse           |       |       |       |     1 ||     1
  Use: Scroll            |       |     4 |     3 |     9 ||    16
       Potion            |       |     4 |     4 |    10 ||    18
 Stab: Invisible         |       |       |       |     9 ||     9
       Sleeping          |       |       |       |     1 ||     1
  Eat: Chunk             |       |     8 |    13 |    15 ||    36
       Fruit             |       |       |       |     1 ||     1
Armor: Scale mail        |    41 |    67 |    75 |   113 ||   296
Dodge: Dodged            |    26 |    33 |    72 |    95 ||   226
Block: Shield            |    55 |    93 |   134 |   143 ||   425
